Sharks vs Rangers

Created - Friday, October 17, 2014 at 20:47

Goals
1 2 3 T
Sharks 1 1 2 4
Rangers 3 3 4 10
Shots
1 2 3 T
Sharks 15 7 8 30
Rangers 7 21 8 36

1st period

1. Rangers , Logan Couture 2 (James van Riemsdyk) at 8:22 (PP)
2. Sharks , Brian Gionta 1 (Mike Weber, Nathan Gerbe) at 8:46
3. Rangers , Jeff Skinner 3 (Kevin Shattenkirk) at 13:17
4. Rangers , Jeff Skinner 4 (Jamie McBain, Barret Jackman) at 18:55

Penalties :
Dion Phaneuf (SJ ) for Hooking (Minor) at 4:06, Dion Phaneuf (SJ ) for Holding (Minor) at 8:11, Kevin Shattenkirk (NYR) for Hooking (Minor) at 15:41

2nd period

5. Rangers , Logan Couture 3 (Daniel Alfredsson, Francis Bouillon) at 0:30
6. Sharks , Mike Cammalleri 3 (Jay Harrison) at 11:22
7. Rangers , Jamie McBain 1 (Barret Jackman, Jeff Skinner) at 11:59
8. Rangers , Logan Couture 4 (James van Riemsdyk) at 16:45

Penalties :
Deryk Engelland (SJ ) for Hooking (Minor) at 2:12, Matt Hendricks (SJ ) for Hooking (Minor) at 6:24, Dion Phaneuf (SJ ) for Roughing (Minor) at 17:16

3rd period

9. Rangers , Logan Couture 5 (Daniel Alfredsson, James van Riemsdyk) at 0:24
10. Sharks , Mike Cammalleri 4 (Mikko Koivu, Mike Weber) at 4:00
11. Rangers , Jay McClement 2 (Todd Bertuzzi, Daniel Sedin) at 4:19
12. Sharks , Mike Green 1 (Dion Phaneuf, Nathan Gerbe) at 6:18
13. Rangers , James van Riemsdyk 4 (Kevin Shattenkirk, Jeff Halpern) at 8:51
14. Rangers , Jeff Skinner 5 (Nate Guenin) at 17:49

Penalties :
Matt Hendricks (SJ ) for Slashing (Minor) at 0:30, Jay McClement (NYR) for Holding Stick (Minor) at 1:57, Philip Larsen (NYR) for Cross-checking (Minor) at 12:28

Goalie Stats

Antti Raanta (SJ ), 18 saves from 23 shots - (0.783), L, 0-3-0, 28:21 minutes
Viktor Fasth (SJ ), 8 saves from 13 shots - (0.615), 31:39 minutes
Tom McCollum (NYR), 26 saves from 30 shots - (0.867), W, 1-0-0, 60:00 minutes

Players Stats for Sharks

Player Name              G  A  P  +/- PIM S  H  SB GA TA FO     MP     PP MP  PK MP  
------------------------------------------------------------------------------------
Andrew Ebbett            0  0  0   0  0   0  0  0  0  0  0/1     4:51   0:00   0:36 
Blake Comeau             0  0  0  -1  0   0  1  0  0  0  2/3     3:59   0:00   0:00 
Brian Gionta             1  0  1  -1  0   1  1  1  2  0  0/0    13:52   0:00   0:00 
Deryk Engelland          0  0  0  -2  2   0  0  0  0  0  0/0    13:38   0:00   1:16 
Dion Phaneuf             0  1  1  -1  6   4  5  1  1  3  0/0    25:05   3:13   3:07 
Erik Gustafsson          0  0  0   0  0   0  0  2  0  1  0/0     5:24   0:00   1:21 
Henrik Sedin             0  0  0  -1  0   2  0  1  0  1  6/9    21:48   2:22   5:42 
Jay Harrison             0  1  1  -2  0   0  0  0  0  0  0/0    20:20   2:12   3:50 
Mark Fistric             0  0  0  -2  0   0  1  0  0  1  0/0    12:09   0:00   0:00 
Matt Hendricks           0  0  0  -1  4   0  0  0  0  0  1/1    15:18   2:22   0:00 
Matt Read                0  0  0  -2  0   3  0  1  1  2  0/1    18:34   3:03   2:19 
Mike Cammalleri          2  0  2  -2  0   6  0  0  2  0  1/2    18:34   3:03   2:19 
Mike Green               1  0  1  -1  0   7  0  1  0  0  0/0    24:12   3:13   5:44 
Mike Weber               0  2  2  -2  0   0  4  0  0  0  0/0    20:20   2:12   3:50 
Mikko Koivu              0  1  1  -4  0   3  0  0  2  0  12/22  25:09   2:31   6:01 
Nathan Gerbe             0  2  2  -1  0   2  1  1  3  1  0/1    16:33   0:00   2:11 
Olli Jokinen             0  0  0  -1  0   0  1  0  0  0  5/11   14:56   0:44   0:00 
Rich Peverley            0  0  0  -1  0   2  0  0  4  1  0/0    15:06   2:10   0:00 

Players Stats for Rangers

Player Name              G  A  P  +/- PIM S  H  SB GA TA FO     MP     PP MP  PK MP  
------------------------------------------------------------------------------------
Barret Jackman           0  2  2   1  0   5  1  1  0  2  0/0    23:21   4:09   2:28 
Brad Richardson          0  0  0   2  0   0  2  0  0  1  0/1    16:09   0:00   1:49 
Daniel Alfredsson        0  2  2   2  0   2  1  2  2  0  1/1    15:43   4:24   0:37 
Daniel Sedin             0  1  1  -1  0   2  0  1  3  1  0/1    20:04   5:10   1:23 
Francis Bouillon         0  1  1   2  0   2  1  0  0  3  0/0    29:32   5:25   2:57 
James van Riemsdyk       1  3  4   3  0   1  4  0  1  0  8/21   24:14   4:24   2:59 
Jamie McBain             1  1  2   1  0   3  0  1  1  3  0/0    23:21   4:09   2:28 
Jay McClement            1  0  1  -1  2   1  3  1  0  0  11/17  18:46   5:09   0:00 
Jeff Halpern             0  1  1   1  0   0  1  0  0  0  1/1     6:17   0:00   0:00 
Jeff Skinner             3  1  4   3  0   9  0  1  2  0  3/7    14:07   0:00   0:00 
Kevin Shattenkirk        0  2  2   3  2   2  1  0  1  0  0/0    26:14   5:25   1:50 
Logan Couture            4  0  4   2  0   4  1  1  4  0  0/1    19:35   4:24   4:02 
Matt Moulson             0  0  0   3  0   2  2  0  0  0  0/1    14:07   0:00   0:00 
Maxim Lapierre           0  0  0   1  0   0  1  0  1  0  0/0     6:17   0:00   0:00 
Nate Guenin              0  1  1   1  0   0  2  0  0  0  0/0    10:33   0:00   1:07 
Philip Larsen            0  0  0   2  2   0  0  0  0  0  0/0     7:20   0:00   0:00 
Tanner Glass             0  0  0   0  0   0  0  0  0  0  0/0     0:00   0:00   0:00 
Todd Bertuzzi            0  1  1   0  0   3  3  0  2  0  0/0    18:20   5:10   0:00 

3 Stars

1 - Logan Couture (NYR)
2 - Jeff Skinner (NYR)
3 - James van Riemsdyk (NYR)

Power Play

Sharks - 0 on 3 Attempt(s) - 0.00%
Rangers - 1 on 6 Attempt(s) - 16.67%

Penalty Kill

Sharks - 5 on 6 Attempt(s) - 83.33% - Score 0 goal in Penalty Kill
Rangers - 3 on 3 Attempt(s) - 100.00% - Score 0 goal in Penalty Kill

Official

Referees : Unknown
Linesman : Unknown

Game Notes

Antti Raanta enters game at 0:30 of 2nd period
Logan Couture has scored a Hat Trick!
6:18 of 3rd period - Sharks goal is going for a video replay. After video review, Goal.
Viktor Fasth enters game at 8:51 of 3rd period
Jeff Skinner has scored a Hat Trick!

Finance

Level 1 -- Attendance: 5816 (96.93%) -- Ticket Income $494,360
Level 2 -- Attendance: 4916 (98.32%) -- Ticket Income $221,220
Level 3 -- Attendance: 1890 (94.50%) -- Ticket Income $54,810
Level 4 -- Attendance: 3794 (94.85%) -- Ticket Income $56,910
Luxury Box -- Attendance: 1000 (100.00%) -- Ticket Income $179,000
Game was played at the Madison Square Garden
Total Attendance: 17416 (96.76%)
Total Ticket Income: $1,006,300
Other Income: $493,087
Total Income: $1,499,387

Sharks

5 vs 5 Forward 
   Center                   Left Wing                Right Wing               Time % Phy DF OF 
 1 Mikko Koivu              Matt Read                Mike Cammalleri          35     1   2  2  
 2 Henrik Sedin             Matt Hendricks           Rich Peverley            30     1   2  2  
 3 Olli Jokinen             Nathan Gerbe             Brian Gionta             22     1   2  2  
 4 Blake Comeau             Andrew Ebbett            Mikko Koivu              13     1   2  2  

5 vs 5 Defense 
   Defense                  Defense                                           Time % Phy DF OF 
 1 Dion Phaneuf             Mike Green                                        35     1   2  2  
 2 Mike Weber               Jay Harrison                                      30     1   2  2  
 3 Mark Fistric             Deryk Engelland                                   22     1   2  2  
 4 Erik Gustafsson          Dion Phaneuf                                      13     1   2  2  

PowerPlay Forward 
   Center                   Left Wing                Right Wing               Time % Phy DF OF 
 1 Mikko Koivu              Matt Read                Mike Cammalleri          60     1   2  2  
 2 Henrik Sedin             Matt Hendricks           Rich Peverley            40     1   2  2  

PowerPlay Defense
   Defense                  Defense                                           Time % Phy DF OF 
 1 Dion Phaneuf             Mike Green                                        60     1   2  2  
 2 Mike Weber               Jay Harrison                                      40     1   2  2  

Penalty Kill 4 Players Forward 
   Center                   Wing                     Time % Phy DF OF 
 1 Mikko Koivu              Henrik Sedin             60     1   2  2  
 2 Matt Read                Mike Cammalleri          40     1   2  2  

Penalty Kill 4 Players Defense
   Defense                  Defense                  Time % Phy DF OF 
 1 Dion Phaneuf             Mike Green               60     1   2  2  
 2 Mike Weber               Jay Harrison             40     1   2  2  

Penalty Kill - 3 Players Forward 
   Forward                                           Time % Phy DF OF 
 1 Mikko Koivu                                       60     1   2  2  
 2 Henrik Sedin                                      40     1   2  2  

Penalty Kill - 3 Players Defense
   Defense                  Defense                  Time % Phy DF OF 
 1 Dion Phaneuf             Mike Green               60     1   2  2  
 2 Mike Weber               Jay Harrison             40     1   2  2  

4 vs 4 Forward 
   Center                   Wing                     Time % Phy DF OF 
 1 Mikko Koivu              Henrik Sedin             60     1   2  2  
 2 Matt Read                Mike Cammalleri          40     1   2  2  

4 vs 4 Defense
   Defense                  Defense                  Time % Phy DF OF 
 1 Dion Phaneuf             Mike Green               60     1   2  2  
 2 Mike Weber               Jay Harrison             40     1   2  2  

Last Minutes Offensive
   Center                   Left Wing                Right Wing               Defense                  Defense                  
   Mikko Koivu              Matt Read                Mike Cammalleri          Dion Phaneuf             Mike Green               

Last Minutes Defensive
   Center                   Left Wing                Right Wing               Defense                  Defense                  
   Mikko Koivu              Matt Read                Mike Cammalleri          Dion Phaneuf             Mike Green               

Goaltenders
Starting : Viktor Fasth             
Backup : Antti Raanta             

Extra Forwards
Normal : Olli Jokinen, Brian Gionta, Nathan Gerbe - PP : Olli Jokinen, Brian Gionta - PK : Nathan Gerbe
Extra Defensemen
Normal : Mark Fistric, Deryk Engelland, Erik Gustafsson - PP : Mark Fistric - PK : Deryk Engelland, Erik Gustafsson
Penalty Shots
Mikko Koivu, Henrik Sedin, Matt Read, Mike Cammalleri, Olli Jokinen

Rangers

5 vs 5 Forward 
   Center                   Left Wing                Right Wing               Time % Phy DF OF 
 1 James van Riemsdyk       Logan Couture            Daniel Alfredsson        35     1   2  2  
 2 Jay McClement            Daniel Sedin             Todd Bertuzzi            30     1   2  2  
 3 Jeff Skinner             Matt Moulson             Brad Richardson          22     1   2  2  
 4 Jeff Halpern             James van Riemsdyk       Maxim Lapierre           13     1   2  2  

5 vs 5 Defense 
   Defense                  Defense                                           Time % Phy DF OF 
 1 Francis Bouillon         Kevin Shattenkirk                                 35     1   2  2  
 2 Barret Jackman           Jamie McBain                                      30     1   2  2  
 3 Francis Bouillon         Nate Guenin                                       22     1   2  2  
 4 Philip Larsen            Kevin Shattenkirk                                 13     1   2  2  

PowerPlay Forward 
   Center                   Left Wing                Right Wing               Time % Phy DF OF 
 1 James van Riemsdyk       Logan Couture            Daniel Alfredsson        60     1   2  2  
 2 Jay McClement            Daniel Sedin             Todd Bertuzzi            40     1   2  2  

PowerPlay Defense
   Defense                  Defense                                           Time % Phy DF OF 
 1 Francis Bouillon         Kevin Shattenkirk                                 60     1   2  2  
 2 Barret Jackman           Jamie McBain                                      40     1   2  2  

Penalty Kill 4 Players Forward 
   Center                   Wing                     Time % Phy DF OF 
 1 James van Riemsdyk       Logan Couture            60     1   2  2  
 2 Daniel Alfredsson        Daniel Sedin             40     1   2  2  

Penalty Kill 4 Players Defense
   Defense                  Defense                  Time % Phy DF OF 
 1 Francis Bouillon         Kevin Shattenkirk        60     1   2  2  
 2 Barret Jackman           Jamie McBain             40     1   2  2  

Penalty Kill - 3 Players Forward 
   Forward                                           Time % Phy DF OF 
 1 James van Riemsdyk                                60     1   2  2  
 2 Logan Couture                                     40     1   2  2  

Penalty Kill - 3 Players Defense
   Defense                  Defense                  Time % Phy DF OF 
 1 Philip Larsen            Kevin Shattenkirk        60     1   2  2  
 2 Barret Jackman           Jamie McBain             40     1   2  2  

4 vs 4 Forward 
   Center                   Wing                     Time % Phy DF OF 
 1 James van Riemsdyk       Logan Couture            60     1   2  2  
 2 Daniel Alfredsson        Daniel Sedin             40     1   2  2  

4 vs 4 Defense
   Defense                  Defense                  Time % Phy DF OF 
 1 Nate Guenin              Kevin Shattenkirk        60     1   2  2  
 2 Barret Jackman           Jamie McBain             40     1   2  2  

Last Minutes Offensive
   Center                   Left Wing                Right Wing               Defense                  Defense                  
   James van Riemsdyk       Logan Couture            Daniel Alfredsson        Barret Jackman           Kevin Shattenkirk        

Last Minutes Defensive
   Center                   Left Wing                Right Wing               Defense                  Defense                  
   James van Riemsdyk       Logan Couture            Daniel Alfredsson        Barret Jackman           Kevin Shattenkirk        

Goaltenders
Starting : Tom McCollum             
Backup : Jaroslav Halak           

Extra Forwards
Normal : Jeff Skinner, Matt Moulson, Brad Richardson - PP : Jeff Skinner, Matt Moulson - PK : Brad Richardson
Extra Defensemen
Normal : Francis Bouillon, Nate Guenin, Philip Larsen - PP : Francis Bouillon - PK : Nate Guenin, Philip Larsen
Penalty Shots
James van Riemsdyk, Logan Couture, Maxim Lapierre, Matt Moulson, Kevin Shattenkirk

% Time on Ice - Sharks

Lines # - Real PCT - Wanted PCT - Time Play
Normal Forward
1 - 29% - 35% - 12:58
2 - 31% - 30% - 13:40
3 - 31% - 22% - 13:52
4 - 9% - 13% - 3:59
Normal Defense
1 - 33% - 35% - 14:43
2 - 32% - 30% - 14:18
3 - 27% - 22% - 12:09
4 - 7% - 13% - 3:19
PP Forward
1 - 60% - 60% - 3:15
2 - 40% - 40% - 2:10
PP Defense
1 - 59% - 60% - 3:13
2 - 41% - 40% - 2:12
PK Forward
1 - 76% - 60% - 7:15
2 - 24% - 40% - 2:19
PK Defense
1 - 60% - 60% - 5:44
2 - 40% - 40% - 3:50
PK3 Forward
1 - 0% - 60%
2 - 0% - 40%
PK3 Defense
1 - 0% - 60%
2 - 0% - 40%
44 Forward
1 - 100% - 60% - 0:32
2 - 0% - 40% - 0:00
44 Defense
1 - 100% - 60% - 0:32
2 - 0% - 40% - 0:00
Last Minute Offensive  - 0:00
Last Minute Defensive  - 0:00
Total
Forward - 60:00
Defense - 60:00

% Time on Ice - Rangers

Lines # - Real PCT - Wanted PCT - Time Play
Normal Forward
1 - 24% - 35% - 10:41
2 - 30% - 30% - 13:24
3 - 32% - 22% - 14:07
4 - 14% - 13% - 6:17
Normal Defense
1 - 27% - 35% - 11:53
2 - 36% - 30% - 16:12
3 - 21% - 22% - 9:17
4 - 16% - 13% - 7:07
PP Forward
1 - 46% - 60% - 4:24
2 - 54% - 40% - 5:10
PP Defense
1 - 57% - 60% - 5:25
2 - 43% - 40% - 4:09
PK Forward
1 - 89% - 60% - 4:48
2 - 11% - 40% - 0:37
PK Defense
1 - 54% - 60% - 2:57
2 - 46% - 40% - 2:28
PK3 Forward
1 - 0% - 60%
2 - 0% - 40%
PK3 Defense
1 - 0% - 60%
2 - 0% - 40%
44 Forward
1 - 100% - 60% - 0:32
2 - 0% - 40% - 0:00
44 Defense
1 - 0% - 60% - 0:00
2 - 100% - 40% - 0:32
Last Minute Offensive  - 0:00
Last Minute Defensive  - 0:00
Total
Forward - 60:00
Defense - 60:00

Play by Play

1st period


0:01 of 1st period - Mikko Koivu wins face-off versus James van Riemsdyk in neutral zone.
0:12 of 1st period - Wrist shot by Mike Cammalleri.
0:12 of 1st period - Stopped by Tom McCollum with a rebound.
0:14 of 1st period - Slapshot by Dion Phaneuf.
0:14 of 1st period - Stopped by Tom McCollum with a rebound.
0:16 of 1st period - Snap shot by Matt Read.
0:16 of 1st period - Stopped by Tom McCollum without a rebound.
0:17 of 1st period - Mike Cammalleri wins face-off versus James van Riemsdyk in Rangers zone.
1:19 of 1st period - Off-side.
1:20 of 1st period - Jay McClement wins face-off versus Olli Jokinen in neutral zone.
2:15 of 1st period - Icing by Jamie McBain.
2:16 of 1st period - Blake Comeau wins face-off versus Jeff Skinner in Rangers zone.
4:06 of 1st period - Minor Penalty to Dion Phaneuf for Hooking.
4:07 of 1st period - Mikko Koivu wins face-off versus James van Riemsdyk in Sharks zone.
4:21 of 1st period - Wrist shot by Henrik Sedin.
4:21 of 1st period - Stopped by Tom McCollum with a rebound.
4:23 of 1st period - Slapshot by Erik Gustafsson.
4:23 of 1st period - Shot Blocked by Daniel Alfredsson.
4:25 of 1st period - Backhand shot by Mike Green.
4:25 of 1st period - Stopped by Tom McCollum with a rebound.
4:27 of 1st period - Snap shot by Mike Green.
4:27 of 1st period - Shot Blocked by Logan Couture.
5:24 of 1st period - Mike Weber is hit by Jay McClement and loses puck.
5:47 of 1st period - Slapshot by James van Riemsdyk.
5:47 of 1st period - Shot Misses the Net.
6:06 of 1st period - Penalty to Dion Phaneuf is over, Dion Phaneuf is back on ice.
6:34 of 1st period - Dion Phaneuf is hit by Brad Richardson and loses puck.
6:43 of 1st period - Brian Gionta is hit by Matt Moulson and loses puck.
7:55 of 1st period - Icing by Philip Larsen.
7:56 of 1st period - Blake Comeau wins face-off versus Jay McClement in Rangers zone.
8:04 of 1st period - Icing by Philip Larsen.
8:05 of 1st period - Jay McClement wins face-off versus Blake Comeau in Rangers zone.
8:11 of 1st period - Minor Penalty to Dion Phaneuf for Holding.
8:12 of 1st period - James van Riemsdyk wins face-off versus Mikko Koivu in Sharks zone.
8:20 of 1st period - Wrist shot by Logan Couture.
8:20 of 1st period - Shot Blocked by Henrik Sedin.
8:22 of 1st period - Wrist shot by Logan Couture.
8:22 of 1st period - Goal by Logan Couture - Sharks : 0 - Rangers : 1.
8:23 of 1st period - Olli Jokinen wins face-off versus Matt Moulson in neutral zone.
8:44 of 1st period - Slapshot by Nathan Gerbe.
8:44 of 1st period - Shot Blocked by Jeff Skinner.
8:46 of 1st period - Slapshot by Mike Weber.
8:46 of 1st period - Deflect By Brian Gionta.
8:46 of 1st period - Goal by Brian Gionta - Sharks : 1 - Rangers : 1.
8:47 of 1st period - Mikko Koivu wins face-off versus Logan Couture in neutral zone.
8:52 of 1st period - Snap shot by Mike Cammalleri.
8:52 of 1st period - Stopped by Tom McCollum with a rebound.
8:54 of 1st period - Slapshot by Dion Phaneuf.
8:54 of 1st period - Stopped by Tom McCollum with a rebound.
8:56 of 1st period - Slapshot by Dion Phaneuf.
8:56 of 1st period - Deflect By Mikko Koivu.
8:56 of 1st period - Stopped by Tom McCollum without a rebound.
8:57 of 1st period - James van Riemsdyk wins face-off versus Mikko Koivu in Rangers zone.
9:10 of 1st period - Wrist shot by Mikko Koivu.
9:10 of 1st period - Shot Misses the Net.
9:12 of 1st period - Wrist shot by Mikko Koivu.
9:12 of 1st period - Stopped by Tom McCollum with a rebound.
9:18 of 1st period - Snap shot by Matt Read.
9:18 of 1st period - Shot Misses the Net.
9:20 of 1st period - Wrist shot by Dion Phaneuf.
9:20 of 1st period - Shot Misses the Net.
9:22 of 1st period - Snap shot by Mike Cammalleri.
9:22 of 1st period - Stopped by Tom McCollum with a rebound.
9:24 of 1st period - Slapshot by Mike Green.
9:24 of 1st period - Stopped by Tom McCollum with a rebound.
9:26 of 1st period - Snap shot by Matt Read.
9:26 of 1st period - Stopped by Tom McCollum with a rebound.
10:00 of 1st period - Wrist shot by Daniel Sedin.
10:00 of 1st period - Shot Misses the Net.
10:08 of 1st period - Daniel Sedin is hit by Dion Phaneuf and loses puck.
10:32 of 1st period - Jay McClement is hit by Mike Weber and loses puck.
11:15 of 1st period - Slapshot by Matt Moulson.
11:15 of 1st period - Shot Misses the Net.
11:34 of 1st period - Philip Larsen is hit by Blake Comeau and loses puck.
11:41 of 1st period - Jay Harrison is hit by Nate Guenin and loses puck.
11:46 of 1st period - Snap shot by James van Riemsdyk.
11:46 of 1st period - Shot Misses the Net.
12:12 of 1st period - Mark Fistric is hit by James van Riemsdyk and loses puck.
13:17 of 1st period - Snap shot by Jeff Skinner.
13:17 of 1st period - Goal by Jeff Skinner - Sharks : 1 - Rangers : 2.
13:18 of 1st period - Henrik Sedin wins face-off versus James van Riemsdyk in neutral zone.
13:21 of 1st period - Slapshot by Mike Green.
13:21 of 1st period - Stopped by Tom McCollum with a rebound.
14:10 of 1st period - Wrist shot by Jeff Skinner.
14:10 of 1st period - Shot Blocked by Brian Gionta.
14:13 of 1st period - Icing by Deryk Engelland.
14:14 of 1st period - Olli Jokinen wins face-off versus Daniel Sedin in Sharks zone.
14:21 of 1st period - Snap shot by Nathan Gerbe.
14:21 of 1st period - Shot Blocked by Jay McClement.
15:41 of 1st period - Minor Penalty to Kevin Shattenkirk for Hooking.
15:42 of 1st period - Henrik Sedin wins face-off versus James van Riemsdyk in Rangers zone.
16:15 of 1st period - Slapshot by Dion Phaneuf.
16:15 of 1st period - Shot Misses the Net.
16:17 of 1st period - Slapshot by Mike Green.
16:17 of 1st period - Stopped by Tom McCollum with a rebound.
16:19 of 1st period - Slapshot by Mike Green.
16:19 of 1st period - Shot Misses the Net.
16:44 of 1st period - Logan Couture is hit by Dion Phaneuf and loses puck.
17:22 of 1st period - Off-side.
17:23 of 1st period - Mikko Koivu wins face-off versus Brad Richardson in neutral zone.
17:41 of 1st period - Penalty to Kevin Shattenkirk is over, Kevin Shattenkirk is back on ice.
17:56 of 1st period - Henrik Sedin is hit by Kevin Shattenkirk and loses puck.
18:41 of 1st period - Snap shot by Matt Moulson.
18:41 of 1st period - Stopped by Viktor Fasth with a rebound.
18:45 of 1st period - Snap shot by Jeff Skinner.
18:45 of 1st period - Deflect By Olli Jokinen.
18:45 of 1st period - Stopped by Viktor Fasth with a rebound.
18:47 of 1st period - Slapshot by Matt Moulson.
18:47 of 1st period - Shot Misses the Net.
18:49 of 1st period - Snap shot by Barret Jackman.
18:49 of 1st period - Deflect By Mike Weber.
18:49 of 1st period - Stopped by Viktor Fasth with a rebound.
18:51 of 1st period - Wrist shot by Jeff Skinner.
18:51 of 1st period - Shot Misses the Net.
18:53 of 1st period - Slapshot by Jamie McBain.
18:53 of 1st period - Stopped by Viktor Fasth with a rebound.
18:55 of 1st period - Wrist shot by Jeff Skinner.
18:55 of 1st period - Goal by Jeff Skinner - Sharks : 1 - Rangers : 3.
18:56 of 1st period - Mikko Koivu wins face-off versus Jeff Skinner in neutral zone.
19:47 of 1st period - Jay McClement is hit by Nathan Gerbe.
Goals for this period are 1 for Sharks vs 3 for Rangers.
Shots for this period are 15 for Sharks vs 7 for Rangers.

2nd period


0:01 of 2nd period - Mikko Koivu wins face-off versus James van Riemsdyk in neutral zone.
0:22 of 2nd period - Snap shot by Daniel Alfredsson.
0:22 of 2nd period - Stopped by Viktor Fasth with a rebound.
0:24 of 2nd period - Wrist shot by Logan Couture.
0:24 of 2nd period - Shot Misses the Net.
0:26 of 2nd period - Slapshot by Francis Bouillon.
0:26 of 2nd period - Stopped by Viktor Fasth with a rebound.
0:28 of 2nd period - Wrist shot by Daniel Alfredsson.
0:28 of 2nd period - Shot Misses the Net.
0:30 of 2nd period - Wrist shot by Logan Couture.
0:30 of 2nd period - Goal by Logan Couture - Sharks : 1 - Rangers : 4.
0:30 of 2nd period - Antti Raanta enters game.
0:31 of 2nd period - Matt Hendricks wins face-off versus Jay McClement in neutral zone.
0:50 of 2nd period - Snap shot by Daniel Sedin.
0:50 of 2nd period - Shot Misses the Net.
0:52 of 2nd period - Snap shot by Daniel Sedin.
0:52 of 2nd period - Shot Misses the Net.
0:58 of 2nd period - Wrist shot by Daniel Sedin.
0:58 of 2nd period - Shot Blocked by Dion Phaneuf.
1:04 of 2nd period - Slapshot by Daniel Sedin.
1:04 of 2nd period - Shot Misses the Net.
1:06 of 2nd period - Slapshot by Francis Bouillon.
1:06 of 2nd period - Stopped by Antti Raanta with a rebound.
1:08 of 2nd period - Slapshot by Kevin Shattenkirk.
1:08 of 2nd period - Stopped by Antti Raanta with a rebound.
1:24 of 2nd period - Dion Phaneuf is hit by Logan Couture and loses puck.
2:12 of 2nd period - Minor Penalty to Deryk Engelland for Hooking.
2:13 of 2nd period - Jay McClement wins face-off versus Mikko Koivu in Sharks zone.
3:02 of 2nd period - Jamie McBain is hit by Dion Phaneuf and loses puck.
4:12 of 2nd period - Penalty to Deryk Engelland is over, Deryk Engelland is back on ice.
4:47 of 2nd period - Kevin Shattenkirk is hit by Mike Weber.
6:24 of 2nd period - Minor Penalty to Matt Hendricks for Hooking.
6:25 of 2nd period - Jay McClement wins face-off versus Matt Read in Sharks zone.
6:26 of 2nd period - Snap shot by Daniel Sedin.
6:26 of 2nd period - Stopped by Antti Raanta with a rebound.
6:28 of 2nd period - Snap shot by Barret Jackman.
6:28 of 2nd period - Stopped by Antti Raanta with a rebound.
7:01 of 2nd period - Snap shot by Dion Phaneuf.
7:01 of 2nd period - Stopped by Tom McCollum without a rebound.
7:02 of 2nd period - James van Riemsdyk wins face-off versus Mikko Koivu in Rangers zone.
7:36 of 2nd period - Mikko Koivu is hit by Todd Bertuzzi and loses puck.
8:23 of 2nd period - Snap shot by Daniel Sedin.
8:23 of 2nd period - Stopped by Antti Raanta with a rebound.
8:24 of 2nd period - Penalty to Matt Hendricks is over, Matt Hendricks is back on ice.
8:25 of 2nd period - Snap shot by Barret Jackman.
8:25 of 2nd period - Deflect By Daniel Sedin.
8:25 of 2nd period - Shot Misses the Net.
8:25 of 2nd period - Puck is out of play.
8:26 of 2nd period - Olli Jokinen wins face-off versus Jay McClement in Sharks zone.
9:11 of 2nd period - Mark Fistric is hit by Nate Guenin and loses puck.
9:32 of 2nd period - Snap shot by James van Riemsdyk.
9:32 of 2nd period - Shot Misses the Net.
9:49 of 2nd period - Mike Cammalleri is hit by Maxim Lapierre and loses puck.
11:10 of 2nd period - Icing by Nate Guenin.
11:11 of 2nd period - James van Riemsdyk wins face-off versus Andrew Ebbett in Rangers zone.
11:22 of 2nd period - Wrist shot by Mike Cammalleri.
11:22 of 2nd period - Goal by Mike Cammalleri - Sharks : 2 - Rangers : 4.
11:23 of 2nd period - Henrik Sedin wins face-off versus Jeff Skinner in neutral zone.
11:51 of 2nd period - Slapshot by Jeff Skinner.
11:51 of 2nd period - Stopped by Antti Raanta with a rebound.
11:53 of 2nd period - Slapshot by Barret Jackman.
11:53 of 2nd period - Stopped by Antti Raanta with a rebound.
11:55 of 2nd period - Slapshot by Barret Jackman.
11:55 of 2nd period - Stopped by Antti Raanta with a rebound.
11:57 of 2nd period - Slapshot by Barret Jackman.
11:57 of 2nd period - Stopped by Antti Raanta with a rebound.
11:59 of 2nd period - Slapshot by Jamie McBain.
11:59 of 2nd period - Goal by Jamie McBain - Sharks : 2 - Rangers : 5.
12:00 of 2nd period - Mikko Koivu wins face-off versus Jay McClement in neutral zone.
12:12 of 2nd period - Snap shot by Mike Cammalleri.
12:12 of 2nd period - Deflect By Mikko Koivu.
12:12 of 2nd period - Stopped by Tom McCollum with a rebound.
12:14 of 2nd period - Slapshot by Mike Green.
12:14 of 2nd period - Shot Misses the Net.
12:16 of 2nd period - Snap shot by Mike Cammalleri.
12:16 of 2nd period - Shot Blocked by Daniel Sedin.
12:18 of 2nd period - Snap shot by Matt Read.
12:18 of 2nd period - Stopped by Tom McCollum with a rebound.
12:20 of 2nd period - Slapshot by Dion Phaneuf.
12:20 of 2nd period - Deflect By Mike Cammalleri.
12:20 of 2nd period - Shot Misses the Net.
12:20 of 2nd period - Puck is out of play.
12:21 of 2nd period - Olli Jokinen wins face-off versus Jeff Skinner in Rangers zone.
12:51 of 2nd period - Wrist shot by Nathan Gerbe.
12:51 of 2nd period - Shot Misses the Net.
13:30 of 2nd period - Jay McClement is hit by Mike Weber and loses puck.
13:47 of 2nd period - Snap shot by Rich Peverley.
13:47 of 2nd period - Stopped by Tom McCollum without a rebound.
13:48 of 2nd period - Henrik Sedin wins face-off versus James van Riemsdyk in Rangers zone.
13:49 of 2nd period - Slapshot by Rich Peverley.
13:49 of 2nd period - Stopped by Tom McCollum with a rebound.
13:59 of 2nd period - Dion Phaneuf is hit by Daniel Alfredsson and loses puck.
14:12 of 2nd period - Snap shot by Henrik Sedin.
14:12 of 2nd period - Shot Blocked by Daniel Alfredsson.
14:14 of 2nd period - Wrist shot by Matt Hendricks.
14:14 of 2nd period - Shot Misses the Net.
14:16 of 2nd period - Slapshot by Mike Green.
14:16 of 2nd period - Stopped by Tom McCollum without a rebound.
14:17 of 2nd period - Jeff Skinner wins face-off versus Olli Jokinen in Rangers zone.
14:28 of 2nd period - Snap shot by Matt Moulson.
14:28 of 2nd period - Stopped by Antti Raanta with a rebound.
14:48 of 2nd period - Snap shot by Jeff Skinner.
14:48 of 2nd period - Stopped by Antti Raanta with a rebound.
14:50 of 2nd period - Slapshot by Brad Richardson.
14:50 of 2nd period - Shot Misses the Net.
14:52 of 2nd period - Slapshot by Jamie McBain.
14:52 of 2nd period - Stopped by Antti Raanta with a rebound.
14:54 of 2nd period - Slapshot by Jamie McBain.
14:54 of 2nd period - Shot Misses the Net.
15:04 of 2nd period - Jeff Halpern is hit by Mark Fistric and loses puck.
15:32 of 2nd period - Mike Green is hit by Jeff Halpern and loses puck.
15:41 of 2nd period - Snap shot by Mikko Koivu.
15:41 of 2nd period - Shot Blocked by Jamie McBain.
15:43 of 2nd period - Wrist shot by Mikko Koivu.
15:43 of 2nd period - Deflect By Mike Cammalleri.
15:43 of 2nd period - Shot Misses the Net.
15:43 of 2nd period - Puck is out of play.
15:44 of 2nd period - Henrik Sedin wins face-off versus Jay McClement in Rangers zone.
16:17 of 2nd period - Backhand shot by Daniel Sedin.
16:17 of 2nd period - Shot Misses the Net.
16:19 of 2nd period - Wrist shot by Todd Bertuzzi.
16:19 of 2nd period - Stopped by Antti Raanta without a rebound.
16:20 of 2nd period - Jeff Skinner wins face-off versus Mikko Koivu in Sharks zone.
16:23 of 2nd period - Snap shot by Jeff Skinner.
16:23 of 2nd period - Stopped by Antti Raanta with a rebound.
16:41 of 2nd period - Wrist shot by Jeff Skinner.
16:41 of 2nd period - Stopped by Antti Raanta without a rebound.
16:42 of 2nd period - James van Riemsdyk wins face-off versus Nathan Gerbe in Sharks zone.
16:45 of 2nd period - Snap shot by Logan Couture.
16:45 of 2nd period - Goal by Logan Couture - Sharks : 2 - Rangers : 6.
16:46 of 2nd period - Daniel Alfredsson wins face-off versus Mikko Koivu in neutral zone.
17:16 of 2nd period - Minor Penalty to Dion Phaneuf for Roughing.
17:17 of 2nd period - Jay McClement wins face-off versus Mikko Koivu in Sharks zone.
18:35 of 2nd period - Deryk Engelland is hit by James van Riemsdyk and loses puck.
19:01 of 2nd period - Erik Gustafsson is hit by Jay McClement.
19:16 of 2nd period - Penalty to Dion Phaneuf is over, Dion Phaneuf is back on ice.
19:50 of 2nd period - Snap shot by Jeff Skinner.
19:50 of 2nd period - Stopped by Antti Raanta with a rebound.
19:52 of 2nd period - Slapshot by Jamie McBain.
19:52 of 2nd period - Shot Blocked by Erik Gustafsson.
19:54 of 2nd period - Slapshot by Francis Bouillon.
19:54 of 2nd period - Shot Blocked by Mike Green.
Goals for this period are 1 for Sharks vs 3 for Rangers.
Shots for this period are 7 for Sharks vs 21 for Rangers.

3rd period


0:01 of 3rd period - James van Riemsdyk wins face-off versus Mikko Koivu in neutral zone.
0:04 of 3rd period - Dion Phaneuf is hit by Francis Bouillon.
0:24 of 3rd period - Slapshot by Logan Couture.
0:24 of 3rd period - Goal by Logan Couture - Sharks : 2 - Rangers : 7.
0:25 of 3rd period - James van Riemsdyk wins face-off versus Henrik Sedin in neutral zone.
0:28 of 3rd period - Snap shot by Logan Couture.
0:28 of 3rd period - Shot Misses the Net.
0:30 of 3rd period - Minor Penalty to Matt Hendricks for Slashing.
0:31 of 3rd period - Mikko Koivu wins face-off versus James van Riemsdyk in Sharks zone.
1:57 of 3rd period - Minor Penalty to Jay McClement for Holding Stick.
1:58 of 3rd period - James van Riemsdyk wins face-off versus Mikko Koivu in Rangers zone.
2:30 of 3rd period - Penalty to Matt Hendricks is over, Matt Hendricks is back on ice.
3:57 of 3rd period - Penalty to Jay McClement is over, Jay McClement is back on ice.
3:58 of 3rd period - Snap shot by Mike Cammalleri.
3:58 of 3rd period - Stopped by Tom McCollum with a rebound.
4:00 of 3rd period - Snap shot by Mike Cammalleri.
4:00 of 3rd period - Goal by Mike Cammalleri - Sharks : 3 - Rangers : 7.
4:01 of 3rd period - Jay McClement wins face-off versus Olli Jokinen in neutral zone.
4:04 of 3rd period - Mike Weber is hit by Todd Bertuzzi and loses puck.
4:17 of 3rd period - Slapshot by Todd Bertuzzi.
4:17 of 3rd period - Stopped by Antti Raanta with a rebound.
4:19 of 3rd period - Snap shot by Jay McClement.
4:19 of 3rd period - Goal by Jay McClement - Sharks : 3 - Rangers : 8.
4:20 of 3rd period - Jeff Skinner wins face-off versus Olli Jokinen in neutral zone.
4:49 of 3rd period - Wrist shot by Jeff Skinner.
4:49 of 3rd period - Deflect By Matt Moulson.
4:49 of 3rd period - Shot Misses the Net.
4:49 of 3rd period - Puck is out of play.
4:50 of 3rd period - Mikko Koivu wins face-off versus James van Riemsdyk in Sharks zone.
4:50 of 3rd period - Mikko Koivu is hit by James van Riemsdyk.
5:15 of 3rd period - Snap shot by Daniel Alfredsson.
5:15 of 3rd period - Stopped by Antti Raanta without a rebound.
5:16 of 3rd period - Jay McClement wins face-off versus Henrik Sedin in Sharks zone.
6:07 of 3rd period - Logan Couture is hit by Brian Gionta and loses puck.
6:14 of 3rd period - Snap shot by Nathan Gerbe.
6:14 of 3rd period - Stopped by Tom McCollum with a rebound.
6:16 of 3rd period - Snap shot by Dion Phaneuf.
6:16 of 3rd period - Stopped by Tom McCollum with a rebound.
6:18 of 3rd period - Slapshot by Mike Green.
6:18 of 3rd period - Deflect By Logan Couture.
6:18 of 3rd period - Sharks goal is going for a video replay.
6:18 of 3rd period - The goal is good.
6:18 of 3rd period - Goal by Mike Green - Sharks : 4 - Rangers : 8.
6:19 of 3rd period - Mikko Koivu wins face-off versus James van Riemsdyk in neutral zone.
7:11 of 3rd period - Jay McClement is hit by Dion Phaneuf and loses puck.
7:20 of 3rd period - Rich Peverley is hit by Jay McClement and loses puck.
8:29 of 3rd period - Snap shot by Nathan Gerbe.
8:29 of 3rd period - Stopped by Tom McCollum with a rebound.
8:51 of 3rd period - Backhand shot by James van Riemsdyk.
8:51 of 3rd period - Goal by James van Riemsdyk - Sharks : 4 - Rangers : 9.
8:51 of 3rd period - Viktor Fasth enters game.
8:52 of 3rd period - Jay McClement wins face-off versus Mikko Koivu in neutral zone.
9:09 of 3rd period - Snap shot by Todd Bertuzzi.
9:09 of 3rd period - Stopped by Viktor Fasth without a rebound.
9:10 of 3rd period - Jay McClement wins face-off versus Mike Cammalleri in Sharks zone.
9:26 of 3rd period - Snap shot by Mike Green.
9:26 of 3rd period - Stopped by Tom McCollum without a rebound.
9:27 of 3rd period - Henrik Sedin wins face-off versus James van Riemsdyk in Rangers zone.
9:56 of 3rd period - Wrist shot by Henrik Sedin.
9:56 of 3rd period - Stopped by Tom McCollum without a rebound.
9:57 of 3rd period - Mikko Koivu wins face-off versus Jay McClement in Rangers zone.
10:20 of 3rd period - Slapshot by Mike Cammalleri.
10:20 of 3rd period - Shot Misses the Net.
10:22 of 3rd period - Slapshot by Mike Green.
10:22 of 3rd period - Shot Blocked by Barret Jackman.
10:52 of 3rd period - Nathan Gerbe is hit by Brad Richardson and loses puck.
11:04 of 3rd period - Jay Harrison is hit by Barret Jackman and loses puck.
11:29 of 3rd period - Mike Weber is hit by James van Riemsdyk and loses puck.
11:40 of 3rd period - Slapshot by Daniel Alfredsson.
11:40 of 3rd period - Shot Misses the Net.
11:42 of 3rd period - Wrist shot by Kevin Shattenkirk.
11:42 of 3rd period - Deflect By James van Riemsdyk.
11:42 of 3rd period - Shot Blocked by Nathan Gerbe.
11:42 of 3rd period - Puck is out of play.
11:43 of 3rd period - Jeff Halpern wins face-off versus Henrik Sedin in Sharks zone.
12:28 of 3rd period - Minor Penalty to Philip Larsen for Cross-checking.
12:29 of 3rd period - Mikko Koivu wins face-off versus James van Riemsdyk in Rangers zone.
13:22 of 3rd period - Barret Jackman is hit by Dion Phaneuf and loses puck.
13:40 of 3rd period - Slapshot by Kevin Shattenkirk.
13:40 of 3rd period - Stopped by Viktor Fasth with a rebound.
14:06 of 3rd period - Logan Couture is hit by Mike Weber and loses puck.
14:28 of 3rd period - Penalty to Philip Larsen is over, Philip Larsen is back on ice.
14:41 of 3rd period - Off-side.
14:42 of 3rd period - Jay McClement wins face-off versus Olli Jokinen in neutral zone.
14:45 of 3rd period - Snap shot by Todd Bertuzzi.
14:45 of 3rd period - Deflect By Daniel Sedin.
14:45 of 3rd period - Shot Blocked by Erik Gustafsson.
14:45 of 3rd period - Puck is out of play.
14:46 of 3rd period - Jay McClement wins face-off versus Olli Jokinen in Sharks zone.
15:19 of 3rd period - Mark Fistric is hit by Todd Bertuzzi and loses puck.
16:52 of 3rd period - Snap shot by Mikko Koivu.
16:52 of 3rd period - Shot Misses the Net.
17:14 of 3rd period - Slapshot by Mike Cammalleri.
17:14 of 3rd period - Shot Misses the Net.
17:47 of 3rd period - Snap shot by Jeff Skinner.
17:47 of 3rd period - Shot Misses the Net.
17:49 of 3rd period - Wrist shot by Jeff Skinner.
17:49 of 3rd period - Goal by Jeff Skinner - Sharks : 4 - Rangers : 10.
17:50 of 3rd period - Olli Jokinen wins face-off versus James van Riemsdyk in neutral zone.
18:09 of 3rd period - Daniel Alfredsson is hit by Olli Jokinen and loses puck.
18:47 of 3rd period - Matt Hendricks is hit by Matt Moulson.
19:19 of 3rd period - Slapshot by Maxim Lapierre.
19:19 of 3rd period - Shot Blocked by Matt Read.
Goals for this period are 2 for Sharks vs 4 for Rangers.
Shots for this period are 8 for Sharks vs 8 for Rangers.


Output by the SimonT Hockey Simulator (STHS) for Eric Dolegowski -- Original Page W3C XHTML 1.0 Valid
Hockey Simulator - Hockey Simulation - Hockey Manager